Map: Abyssal Reef LE

Players

Desertwolf - Winner!

  • Race: Zerg Zerg
  • League: Gold
  • Spawn Location: 5:00

Winthrowe

  • Race: Terran Terran
  • League: Silver
  • Spawn Location: 11:00

VOD

Have the link to the VOD?

Description

Time

  • Played on: Aug. 31, 2017, 8:07 p.m.
  • Length: 7:04
Show
View Real Time Build Order
Export as new Build Order

Desertwolf Zerg - Winner!

Build Orders: Pool First 

Get SALT Encoding   

  12  0:18  Spawning Pool  
  11  0:25  Drone  
  11  0:28  Drone  
  13  0:32  Drone  
  14  0:40  Extractor  
  14  0:42  Drone  
  14  0:49  Overlord  
  15  1:07  Queen  
  15  1:09  Drone x2  
  19  1:32  Drone x2  
  21  1:35  Extractor  
  21  1:39  Extractor  
  19  1:45  Queen, Drone  
  22  1:53  Overlord  
  22  2:09  Overlord  
  22  2:18  Zergling x2  
  23  2:33  Metabolic Boost  
  23  2:40  Roach Warren  
  23  2:42  Zergling x2  
  23  2:43  Zergling x4  
  25  2:50  Drone  
  26  2:52  Drone  
  26  2:53  Drone x2  
  30  3:12  Drone  
  30  3:13  Drone  
  31  3:23  Roach x3  
  31  3:25  Overlord  
  37  3:30  Evolution Chamber  
  37  3:31  Lair  
  36  4:00  Overlord  
  36  4:01  Overlord, Roach  
  36  4:02  Roach x2  
  41  4:17  Zerg Ground Armor Level 1  
  41  4:25  Zergling x2  
  41  4:26  Zergling x8  
  41  4:30  Ravager  
  41  4:31  Ravager x3  
  50  4:55  Hatchery  
  50  4:57  Overseer  
  50  4:59  Overseer  
  49  5:08  Pneumatized Carapace  
  41  6:40  Zergling x2  
  41  6:41  Zergling x26  
Show
View Real Time Build Order
Export as new Build Order

Winthrowe Terran 

Build Orders:  

Get SALT Encoding   

  12  0:01  SCV  
  13  0:13  SCV  
  14  0:22  Supply Depot  
  14  0:25  SCV  
  15  0:43  SCV  
  15  0:45  Barracks  
  16  0:55  SCV  
  16  0:56  Refinery  
  17  1:07  SCV  
  18  1:18  Supply Depot  
  18  1:19  SCV  
  19  1:31  SCV  
  20  1:33  Marine  
  20  1:36  Barracks  
  21  1:44  SCV  
  22  1:53  Marine  
  23  1:56  SCV  
  24  2:04  Engineering Bay  
  24  2:09  Orbital Command  
  24  2:12  Marine  
  25  2:24  Marine  
  25  2:29  Factory  
  26  2:42  Command Center  
  26  2:51  Engineering Bay  
  26  2:54  SCV  
  27  2:59  Marine x2  
  29  3:06  SCV  
  30  3:15  Refinery  
  30  3:16  Marine  
  31  3:23  Starport  
  31  3:31  Supply Depot  
  31  3:52  Marine x2, SCV  
  31  3:54  Supply Depot  
  31  3:55  Terran Infantry Weapons Level 1, Terran Infantry Armor Level 1  
  34  4:02  Factory Tech Lab  
  34  4:04  SCV  
  35  4:10  Marine  
  36  4:17  Marine  
  37  4:27  Medivac  
  37  4:28  Marine  
  40  4:49  Factory Tech Lab  
  40  4:51  Marine  
  40  4:52  Marine  
  42  4:57  Stimpack  
  42  5:01  Starport Reactor  
  42  5:09  Marine  
  42  5:10  Marine  
  44  5:27  Marine x2, Supply Depot  
  46  5:39  Barracks  
  46  6:10  Siege Tank  
  47  6:26  Barracks  
Tags
 
Matchup
TvZ
Opening
Pool First
Spawn Locations
Cross Positions
Add a new tag
Caveats
  • Supply blocks, unpowered buildings, or Contaminate may cause inaccurate times.
  • Supply counts are checked every 10 seconds.